 Dungeon Crawl Stone Soup version 0.24-a0-378-g94936e539c (webtiles) character file.

Game seed: 10870016234384723159

480 HAL9000 the Cutter (level 7, 0/34 HPs)
             Began as a Vine Stalker Assassin on June 2, 2019.
             Was a Believer of Uskayaw.
             Slain by a worker ant (3 damage)
             ... on level 4 of the Dungeon.
             The game lasted 00:05:00 (2919 turns).

HAL9000 the Cutter (Vine Stalker Assassin)          Turns: 2919, Time: 00:05:01

Health: 0/34       AC:  4    Str: 15    XL:     7   Next: 12%
Magic:  0/8        EV: 11    Int: 12    God:    Uskayaw [**....]
Gold:   134        SH:  0    Dex: 15    Spells: 6/6 levels left

rFire    . . .     SeeInvis .   a - +2 dagger
rCold    . . .     Gourm    .   (no shield)
rNeg     . . .     Faith    .   h - +0 leather armour
rPois    .         Spirit   +   (no helmet)
rElec    .         Reflect  .   c - +0 cloak
rCorr    .         Harm     .   (no gloves)
MR       .....     Rnd*Tele +   (no boots)
Stlth    +++.......             (no amulet)
HPRegen  0.51/turn              m - ring of teleportation (curse)
MPRegen  0.11/turn              (no ring)

@: lethally poisoned (0 -> -3)
A: fangs 2, regeneration 1, magic shield, antimagic bite, no potion heal 3, rot
immunity
a: Stomp, Line Pass, Renounce Religion


You were on level 4 of the Dungeon.
You worshipped Uskayaw.
Uskayaw was noncommittal.
You were not hungry.

You visited 1 branch of the dungeon, and saw 4 of its levels.

You collected 134 gold pieces.

Inventory:

Hand Weapons
 a - a +2 dagger (weapon)
Missiles
 d - 24 poisoned darts
 e - 2 curare-tipped darts (quivered)
Armour
 c - a +0 cloak (worn)
 h - a +0 leather armour (worn)
Jewellery
 m - a cursed ring of teleportation (left hand)
Scrolls
 g - a scroll of teleportation
Potions
 j - a potion of haste {unknown}
 k - a potion of ambrosia
 l - 2 potions of curing
 o - 2 potions of brilliance
Comestibles
 b - a chunk of flesh
 f - 8 rations


   Skills:
 - Level 1.7 Fighting
 + Level 6.8 Short Blades
 - Level 1.7 Throwing
 - Level 0.7 Dodging
 - Level 4.8 Stealth


You had 6 spell levels left.
You didn't know any spells.
Your spell library was empty.

Dungeon Overview and Level Annotations

Branches:
Dungeon (4/15)
 Temple: D:4-7

Altars:
Cheibriados
Makhleb
Nemelex Xobeh
Uskayaw


Innate Abilities, Weirdness & Mutations

You have extremely sharp teeth.
Your natural rate of healing is unusually fast.
When hurt, damage is shared between your health and your magic reserves.
Your bite disrupts and absorbs the magic of your enemies.
Potions cannot restore your health.
You are immune to rotting.


Message History

You feel sick.
The orc hits you with a +2 mace of protection.
You are too injured to fight recklessly!
You are too injured to fight recklessly!
You are too injured to fight recklessly!
You hit the worker ant but do no damage.
Your bite misses the worker ant.
The worker ant is almost dead.
You feel sick. The worker ant barely misses you. The orc closely misses you.
You hit the worker ant but do no damage.
The worker ant is almost dead.
The worker ant bites you but does no damage.
The orc hits you with a +2 mace of protection!
* * * LOW HITPOINT WARNING * * *
You barely miss the worker ant.
The worker ant is almost dead.
You feel sick. The orc hits you with a +0 short sword.
* * * LOW HITPOINT WARNING * * *
The worker ant bites you.
You die...

# #. ## . )..
#. ##..#
##.###....#
#..#....o....##
......)@a.....#
).......o...#.#
.......##..##
...#### #.# ..
.# # #


You could see a worker ant and 2 orcs.

Vanquished Creatures
  Grinder (D:3)
  A sky beast (D:3)
  2 orc priests (D:3)
  A worker ant (D:3)
  7 adders
  A worm (D:2)
  2 dart slugs (D:1)
  2 leopard geckos (D:3)
  8 orcs
  9 bats
  8 goblins
  6 hobgoblins
  5 kobolds
  A ball python (D:3)
  4 frilled lizards
  7 rats
  A bush (D:1)
66 creatures vanquished.

Notes
Turn   | Place    | Note
-------+----------+-------------------------------------------
     0 | D:1      | HAL9000 the Vine Stalker Assassin began the quest for the
                  | Orb.
     0 | D:1      | Reached XP level 1. HP: 11/11 MP: 2/2
    37 | D:1      | Reached skill level 2 in Short Blades
   107 | D:1      | Reached XP level 2. HP: 15/15 MP: 3/3
   148 | D:1      | Found a snail-covered altar of Cheibriados.
  1088 | D:2      | Reached skill level 3 in Short Blades
  1088 | D:2      | Reached XP level 3. HP: 9/18 MP: 4/4
  1403 | D:2      | Found a burning altar of Makhleb.
  1406 | D:2      | Found a sparkling altar of Nemelex Xobeh.
  1425 | D:2      | Gained mutation: Your natural rate of healing is unusually
                  | fast. [Vine Stalker growth]
  1425 | D:2      | Reached XP level 4. HP: 23/23 MP: 5/5
  1466 | D:2      | Found a sparkling altar of Nemelex Xobeh.
  1588 | D:2      | Noticed a +0 hand axe
  1589 | D:2      | Found a hide-covered altar of Uskayaw.
  1589 | D:2      | Noticed a +0 dagger
  1598 | D:2      | Became a worshipper of Uskayaw the Reveler
  1710 | D:2      | Reached skill level 4 in Short Blades
  1710 | D:2      | Reached * piety under Uskayaw
  1763 | D:3      | Reached ** piety under Uskayaw
  1909 | D:3      | Found a faded altar of an unknown god.
  1997 | D:3      | Reached *** piety under Uskayaw
  1998 | D:3      | Reached XP level 5. HP: 25/26 MP: 4/6
  2007 | D:3      | Reached **** piety under Uskayaw
  2348 | D:3      | Reached skill level 5 in Short Blades
  2401 | D:3      | Noticed Grinder
  2604 | D:3      | Paralysed by Grinder for 3 turns
  2614 | D:3      | Paralysed by Grinder for 2 turns
  2622 | D:3      | Killed Grinder
  2622 | D:3      | Reached skill level 6 in Short Blades
  2622 | D:3      | Reached XP level 6. HP: 23/30 MP: 7/7
  2688 | D:4      | Noticed a sky beast
  2732 | D:3      | Killed a sky beast
  2829 | D:3      | Reached XP level 7. HP: 12/34 MP: 2/8
  2919 | D:4      | Slain by a worker ant

Levels and vault maps discovered:
D:1:      saegor_arrival_simple_b, layout_loops_ring, serial_forest,
          infiniplex_forest_clump_cross, infiniplex_forest_lined_corner,
          infiniplex_forest_lined_corner, infiniplex_forest_straight_2,
          infiniplex_forest_join, cheibriados_altar_1
D:2:      layout_rooms, dancing_weapons_uskayaw, grunt_temple_overflow_open,
          lemuel_tele_altar
D:3:      layout_basic, chequers_ecumenical_altar_simple_redux, first_ration,
          uniq_grinder
D:4:      layout_rooms, lemuel_coloured_pillars_altar, serial_shops,
          nicolae_shop_trees, kennysheep_flooded_box, uniq_eustachio

Skill      XL: |  1  2  3  4  5 |
---------------+----------------+-----
Short Blades   | 2 3 4 6 |  6.8
Fighting       | |  1.7
Throwing       | |  1.7
Dodging        | |  0.7
Stealth        | |  4.8

Action                   |  1- 3 |  4- 6 |  7- 9 || total
-------------------------+-------+-------+-------++-------
Melee: Dagger            |   293 |   168 |    21 ||   482
       Bite              |   139 |    46 |     4 ||   189
Throw: Dart              |       |     2 |       ||     2
Invok: Line Pass         |       |       |     1 ||     1
  Use: Potion            |     1 |     1 |       ||     2
       Scroll            |       |     5 |       ||     5
 Stab: Sleeping          |     7 |     4 |       ||    11
       Distracted        |     1 |       |       ||     1
       Paralysed         |       |     2 |       ||     2
       Confused          |       |       |     1 ||     1
  Eat: Chunk             |     2 |     4 |     1 ||     7
Armor: Robe              |     9 |     8 |       ||    17
       Skin              |     8 |       |       ||     8
       Leather armour    |       |    22 |     4 ||    26
Dodge: Dodged            |    25 |    58 |    15 ||    98

Table legend:
 A = Non-vault XP
 B = Vault XP
 C = Vault XP percentage of total XP
 D = Non-vault monster count
 E = Vault monster count
 F = Vault count percentage of total count
                 A         B        C        D         E       F
            +---------+---------+-------+---------+---------+-------
      Total |     438 |     249 |  36.2 |      64 |       1 |   1.5
            +---------+---------+-------+---------+---------+-------
        D:1 |      28 |       0 |   0.0 |      16 |       0 |   0.0
        D:2 |      84 |       0 |   0.0 |      16 |       0 |   0.0
        D:3 |     323 |     249 |  43.5 |      31 |       1 |   3.1
        D:4 |       3 |       0 |   0.0 |       1 |       0 |   0.0
            +---------+---------+-------+---------+---------+-------
